AoeStats
← PancakeDa

Marketplace

506245965Analyzed
1v1 RM · 19d ago on Sep 12, 2026· 63m 2s· 2 players
Game mode
Random Map
Map size
Tiny (2 player)
Population
200
Speed
Normal
Resources
Standard
Victory
Conquest
Starting age
Dark Age
Ending age
Imperial Age
RankedLock teamsTeams togetherTeam positionsShared explorationLock speedFull tech treeHidden civsTurbo modeCheats
Victory
Defeat
🇬🇧 Chinese · United Kingdom
503
+10
🇨🇱 Magyars · Chile
363
-10
PancakeDa
0:48 Loom
12:46 Feudal Age
19:47 Castle Age
17:45 Double-Bit Axe
19:07 Forging
18:58 Scale Mail Armor
20:05 Pikeman
23:28 Caravan
23:39 Squires
26:48 Arson
27:44 Iron Casting
27:01 Fletching
37:26 Imperial Age
36:59 Chain Mail Armor
43:04 Ballistics
43:47 Chemistry
43:16 Padded Archer Armor
King Cete
5:03 Loom
13:06 Feudal Age
13:32 Horse Collar
17:18 Man-at-Arms
24:09 Castle Age
31:35 Husbandry
32:27 Bloodlines
41:05 Pikeman
50:18 Light Cavalry
59:44 Murder Holes
Connection lost

Rejoining the realm…

Still unreachable

The connection could not be restored.

Session expired

The server has moved on; the page needs a fresh start.